 Dungeon Crawl Stone Soup version 0.31-a0-229-g1fc7ce9 (webtiles) character file.

Game seed: 9038684063013325607

3 Dawnplanks the Gusty (level 1, 0/10 HPs)
             Began as a Tengu Air Elementalist on July 6, 2023.
             Slain by a jackal (2 damage)
             ... on level 1 of the Dungeon.
             The game lasted 00:00:21 (57 turns).

Dawnplanks the Gusty (Tengu Air Elementalist)         Turns: 57, Time: 00:00:22

Health: 0/10       AC:  2    Str:  8    XL:     1   Next: 50%
Magic:  0/4        EV: 12    Int: 15    God:
Gold:   9          SH:  0    Dex: 14    Spells: 3/4 levels left

rFire   . . .        (no weapon)
rCold   . . .        (no shield)
rNeg    . . .        a - +0 robe
rPois   .            (helmet restricted)
rElec   .            (no cloak)
rCorr   .            (no gloves)
SInv    .            (boots unavailable)
Will    .....        (no amulet)
Stlth   ++           c - ring of wizardry
HPRegen 0.21/turn    (no ring)
MPRegen 0.09/turn

%: wizardry (x1)
@: no status effects
A: beak, talons 3
a: no special abilities


You were on level 1 of the Dungeon.
You visited 1 branch of the dungeon, and saw 1 of its levels.

You collected 9 gold pieces.

Inventory:

Armour
 a - a +0 robe (worn)
Jewellery
 c - a ring of wizardry (left hand)
Potions
 b - a potion of magic


   Skills:
 + Level 2.2 Dodging
 + Level 2.0 Stealth
 + Level 2.0 Spellcasting
 + Level 1.3 Conjurations
 + Level 4.2 Air Magic


You had 3 spell levels left.
You knew the following spells:

 Your Spells              Type           Power      Damage    Failure   Level
a - Shock                 Conj/Air       36%        1d5       2%          1

Your spell library contained the following spells:

 Spells                   Type           Power      Damage    Failure   Level
 Static Discharge         Conj/Air       18%        2-3/arc   4%          2
 Swiftness                Air            14%        N/A       4%          3
 Airstrike                Air            7%         2d(1-17)  16%         4


Dungeon Overview and Level Annotations

Branches:
Dungeon (1/15)

Altars:


Innate Abilities, Weirdness & Mutations

You have a beak for a mouth.
You have claws for feet.


Message History

You hear a bark!
The jackal bites you.
The jackal bites you but does no damage.
The jackal attacks as you move away! The jackal bites you.
The jackal attacks as you move away! The jackal bites you.
* * * LOW HITPOINT WARNING * * *
The jackal attacks as you move away! The jackal closely misses you.
Casting: Shock (safe; 3% risk of failure)
Confirm with . or Enter, or press ? or * to list all spells.
Aiming: Shock (safe; 3% risk of failure)
Press: ? - help, Shift-Dir - straight line, p - jackal The zap hits the jackal.
You kill the jackal!
The zap misses the jackal.
Found a leather armour.
You hit the jackal but do no damage. Your kick misses the jackal.
The jackal bites you.
* * * LOW HITPOINT WARNING * * *
The jackal closely misses you.
You hit the jackal but do no damage. Your kick misses the jackal.
The jackal barely misses you. The jackal bites you.
* * * LOW HITPOINT WARNING * * *
You hit the jackal.
The jackal is lightly wounded.
The jackal bites you but does no damage.
The jackal misses you.
You hit the jackal. You claw the jackal. Your peck misses the jackal.
The jackal is almost dead.
The jackal bites you but does no damage. x2
The jackal barely misses you. The jackal closely misses you.
Casting: Shock (safe; 2% risk of failure)
Confirm with . or Enter, or press ? or * to list all spells.
Aiming: Shock (safe; 2% risk of failure)
Press: ? - help, Shift-Dir - straight line, f - jackal
Aim: a jackal (almost dead, 60% to hit)
The zap hits the jackal.
You kill the jackal!
The jackal bites you but does no damage.
You closely miss the jackal. Your kick misses the jackal. The jackal bites you.
You die...

.♣ .[♣. ....♣ .....
.# ♣....♣ #.###
#.....# #.....
♣...## #......
♣..@# ##=#....#
####♣.h.♣##........
#>.###..♣#.........
#....##†♣#.h..h....
#.....#.♣#.##..?...
#####.#....# .....
#...'.#..h.# ...#
#.<.#.'....##..#.#.
#...#.#......... ..


You could see a jackal.

Vanquished Creatures
  2 jackals (D:1)
  A frilled lizard (D:1)
3 creatures vanquished.

Notes
Turn   | Place    | Note
-------+----------+-------------------------------------------
     0 | D:1      | Dawnplanks the Tengu Air Elementalist began the quest for
                  | the Orb.
     0 | D:1      | Reached XP level 1. HP: 10/10 MP: 4/4
    57 | D:1      | Slain by a jackal

Illustrated notes

Levels and vault maps discovered:
D:1:      sevenhm_arrival_forest_fort_large_3, layout_loops_ring

Action                     || total
---------------------------++-------
  Melee: Unarmed           ||    10
         Kick              ||     1
         Peck              ||     1
   Cast: Shock             ||     5
 Armour: Robe              ||     5
  Dodge: Dodged            ||    10

Table legend: (Time is in decaauts)
 A = Elapsed time spent in this place.
 B = Non-inter-level travel time spent in this place.
 C = Inter-level travel time spent in this place.
 D = Time resting spent in this place.
 E = Time spent auto-exploring this place.
 F = Levels seen in this place.
 G = Mean time per level.
                   A        B        C        D        E       F      G
               +--------+--------+--------+--------+--------+-----+--------+
         Total |     56 |     56 |      0 |      0 |     29 |   1 |   56.0 |
       Dungeon |     56 |     56 |      0 |      0 |     29 |   1 |   56.0 |
               +--------+--------+--------+--------+--------+-----+--------+

Top non-repeatable levels by time:
     D:1: 56 daAuts
